 Dungeon Crawl Stone Soup version 0.30.1-11-g7821555f0a (webtiles) character file.

Game seed: 3236208601278143152

3036 SacredBeard the Skirmisher (level 9, 0/63 HPs)
             Began as a Deep Elf Hexslinger on Oct 30, 2023.
             Was a Believer of Hepliaklqana.
             Succumbed to a water moccasin's poison
             ... on level 6 of the Dungeon.
             The game lasted 00:48:03 (9145 turns).

SacredBeard the Skirmisher (Deep Elf Hexslinger)    Turns: 9145, Time: 00:48:04

Health: 0/63       AC: 24    Str:  7    XL:     9   Next: 56%
Magic:  16/20      EV:  2    Int: 19    God:    Hepliaklqana [**....]
Gold:   518        SH:  5    Dex: 25    Spells: 16/20 levels left

rFire   . . .        E - +0 shortbow
rCold   . . .        (shield currently unavailable)
rNeg    . . .        i - melded +0 leather armour
rPois   +            v - melded +0 helmet
rElec   .            A - melded +0 cloak
rCorr   .            (gloves currently unavailable)
SInv    .            (boots currently unavailable)
Will    .....        z - amulet of reflection
Stlth   ++           g - +6 ring of dexterity
HPRegen 0.30/turn    (no ring)
MPRegen 0.17/turn

%: reflection
@: lethally poisoned (0 -> -11), tree-form
A: stationary, stasis, torment immunity, boosted hp, reduced essence
a: Renounce Religion, Ancestor Life: Knight, Ancestor Life: Battlemage, Ancestor
Life: Hexer, Recall Ancestor, Ancestor Identity


You were on level 6 of the Dungeon.
You worshipped Hepliaklqana.
Hepliaklqana was pleased with you.
You were a tree.
You visited 1 branch of the dungeon, and saw 7 of its levels.

You collected 518 gold pieces.

Inventory:

Hand Weapons
 E - a +0 shortbow (weapon)
Armour
 a - a +1 ring mail of fire resistance
 i - a +0 leather armour (melded)
 v - a +0 helmet (melded)
 A - a +0 cloak (melded)
Jewellery
 g - a +6 ring of dexterity (left branch)
 z - an amulet of reflection (around neck)
Wands
 l - a wand of paralysis (11)
 r - a wand of polymorph (8)
Scrolls
 b - a scroll of poison
 d - 2 scrolls of fog {unknown}
 e - 2 scrolls of immolation
 f - 2 scrolls of torment {unknown}
 j - a scroll of brand weapon {unknown}
 m - a scroll of blinking {unknown}
 o - 3 scrolls of teleportation
 p - a scroll of enchant weapon {unknown}
 t - a scroll of magic mapping {unknown}
 u - 2 scrolls of amnesia {unknown}
 x - 3 scrolls of identify {unknown}
 y - 2 scrolls of fear {unknown}
 C - a scroll of vulnerability {unknown}
Potions
 c - a potion of berserk rage
 h - 2 potions of flight
 k - 2 potions of mutation {unknown}
 n - a potion of brilliance {unknown}
 q - a potion of resistance {unknown}
 s - 2 potions of lignification
 w - a potion of haste {unknown}
 B - a potion of curing {unknown}
 D - 2 potions of might
 F - a potion of invisibility {unknown}


   Skills:
 - Level 1.0 Fighting
 * Level 14.6 Ranged Weapons
 + Level 4.4 Dodging
 - Level 6.0 Spellcasting
 - Level 6.0 Hexes
 - Level 2.0 Invocations
 - Level 2.0 Evocations


You had 16 spell levels left.
You knew the following spells:

 Your Spells              Type           Power      Damage    Failure   Level
a - Slow                  Hex            100%       N/A       1%          1
b - Inner Flame           Hex/Fire       17%        N/A       10%         3

Your spell library contained the following spells:

 Spells                   Type           Power      Damage    Failure   Level
 Confusing Touch          Hex            28%        N/A       2%          3
 Portal Projectile        Hex/Tloc       34%        N/A       10%         3
 Cause Fear               Hex            14%        N/A       10%         4
 Shock                    Conj/Air       20%        1d4       11%         1
 Ozocubu's Armour         Ice            5%         N/A       32%         3
 Swiftness                Air            5%         N/A       32%         3
 Vampiric Draining        Necr           5%         2d6       32%         3
 Metabolic Englaciation   Hex/Ice        8%         N/A       65%         5
 Airstrike                Air            2%         2d(1-17)  73%         4
 Simulacrum               Ice/Necr       2%         N/A       100%        6


Dungeon Overview and Level Annotations

Branches:
Dungeon (7/15) Zot: 26645  Temple (0/1) D:7

Altars:
Ashenzari
Elyvilon
Gozag
Hepliaklqana
Kikubaaqudgha
Okawaru
Trog

Annotations:
D:7 Joseph


Message History

Press: ? - help, Dir - move target, f/p - water moccasin
Aim: a water moccasin (heavily wounded, not watching you, slow, ally target, chance to affect: 71%)
The water moccasin is filled with an inner flame.
Joseph shoots a sling bullet.
The sling bullet hits Celestine!!
You shoot an arrow.
The arrow hits the water moccasin but does no damage.
The water moccasin is heavily wounded.
Joseph shoots a sling bullet.
The sling bullet hits Celestine!!
Celestine is destroyed!
Joseph shoots a sling bullet.
The sling bullet hits you!
Your magical contamination has completely faded away.
There is a stone staircase leading up here.
The water moccasin barely misses you.
You climb upwards.
There is a stone staircase leading down here.
The water moccasin bites you.
The water moccasin is no longer moving slowly.
You are too injured to fight recklessly!
Casting: Inner Flame (dangerous; 14% risk of failure)
Confirm with . or Enter, or press ? or * to list all spells.
Aiming: Slow (safe; 1% risk of failure)
Press: ? - help, Shift-Dir - straight line, f - water moccasin
Aim: a water moccasin (heavily wounded, inner flame, chance to affect: 56%)
The water moccasin resists with significant effort.
The water moccasin bites you.
You are poisoned.
The water moccasin poisons you! The water moccasin closely misses you.
It was a potion of lignification.
You turn into a tree.
Your +0 cloak melds into your body.
Your +0 helmet melds into your body.
Your +0 leather armour melds into your body.
Your roots penetrate the ground.
You feel very sick.
The water moccasin bites you but does no damage.
You shoot an arrow. The arrow hits the water moccasin!
The water moccasin explodes!
The fiery explosion engulfs you!!
* * * LOW HITPOINT WARNING * * *
You are engulfed in blazing flames.
* * * LOW HITPOINT WARNING * * *
You die...

##..###.###.......#
#..#.'.'.#......##
#.####.###.....###
#.##.'.'.##...##
#.####.#####'## #.#
#'### #.# #.#
#.#8###.##### #.#
#.........#.. #♣#
#.####))..#.# #§#
#.# #...).#.# ##§##
#.# ##.)..#.#
#>..###.#####.#)#.#
##........>.......#
######.#######.###
#.#######.#
#.........#
###########


There were no monsters in sight!

Vanquished Creatures
  A troll (D:7)
  Grinder (D:5)
  A water moccasin (D:6)
  2 ice beasts
  3 black bears
  2 centaurs
  2 phantoms
  A kobold brigand (D:6)
  Blork the orc (D:5)
  2 necrophages (D:6)
  3 scorpions
  3 wights (D:7)
  A bullfrog zombie (D:6)
  2 hounds
  A human zombie (D:6)
  3 jellies
  An orc priest (D:5)
  Terence (D:3)
  A sleepcap (D:4)
  Ijyb (D:3)
  3 orc wizards
  4 mummies (D:6)
  Robin (D:3)
  6 gnolls
  8 adders
  An ufetubus (D:5)
  A dart slug (D:4)
  15 orcs
  9 endoplasms
  3 giant cockroaches
  20 goblins
  13 hobgoblins
  6 jackals (D:2)
  12 quokkas
  10 ball pythons
  A bat (D:1)
  4 frilled lizards
  12 kobolds
  5 rats
167 creatures vanquished.

Vanquished Creatures (collateral kills)
  A phantom (D:6)
  A kobold brigand (D:7)
  A necrophage (D:6)
  2 scorpions
  A wight (D:6)
  A bullfrog zombie (D:6)
  A jelly (D:5)
  Crazy Yiuf (D:6)
  A hound (D:6)
  A mummy (D:6)
  2 adders (D:5)
  2 white imps
  2 orcs
  A kobold (D:6)
18 creatures vanquished.

Vanquished Creatures (others)
  2 ancestors
2 creatures vanquished.

Grand Total: 187 creatures vanquished

Notes
Turn   | Place    | Note
-------+----------+-------------------------------------------
     0 | D:1      | SacredBeard the Deep Elf Hexslinger began the quest for the
                  | Orb.
     0 | D:1      | Reached XP level 1. HP: 11/11 MP: 5/5
   277 | D:1      | Reached skill level 3 in Ranged Weapons
   614 | D:1      | Reached XP level 2. HP: 16/16 MP: 4/6
   681 | D:1      | Reached skill level 1 in Fighting
  1241 | D:2      | Reached XP level 3. HP: 20/20 MP: 6/8
  1501 | D:2      | Reached skill level 4 in Ranged Weapons
  1640 | D:2      | Reached XP level 4. HP: 25/25 MP: 5/9
  1868 | D:2      | Learned a level 3 spell: Inner Flame
  2396 | D:3      | Found a faded altar of an unknown god.
  2527 | D:3      | Noticed Ijyb
  2540 | D:3      | Killed Ijyb
  2541 | D:3      | Reached XP level 5. HP: 29/29 MP: 2/11
  2741 | D:3      | Reached skill level 5 in Ranged Weapons
  2741 | D:3      | Reached skill level 5 in Hexes
  3234 | D:3      | Found a hazy altar of Hepliaklqana.
  3241 | D:3      | Became a worshipper of Hepliaklqana the Forgotten
  3265 | D:3      | Noticed Terence
  3272 | D:3      | Killed Terence
  3477 | D:3      | Noticed Robin
  3730 | D:3      | Found a broken altar of Ashenzari.
  4713 | D:3      | Killed Robin
  4928 | D:4      | Reached XP level 6. HP: 32/34 MP: 11/13
  5056 | D:4      | Reached skill level 6 in Ranged Weapons
  5056 | D:4      | Reached skill level 1 in Evocations
  5202 | D:3      | Reached skill level 1 in Invocations
  5367 | D:4      | Found an iron altar of Okawaru.
  5744 | D:4      | Reached XP level 7. HP: 27/38 MP: 10/15
  5856 | D:4      | Found a bloodstained altar of Trog.
  6173 | D:5      | Entered Level 5 of the Dungeon
  6281 | D:5      | Reached * piety under Hepliaklqana
  6300 | D:5      | Reached skill level 7 in Ranged Weapons
  6440 | D:5      | Reached skill level 5 in Spellcasting
  6517 | D:5      | Reached skill level 8 in Ranged Weapons
  6638 | D:5      | Noticed Blork the orc
  6650 | D:5      | Killed Blork the orc
  6651 | D:5      | Reached XP level 8. HP: 38/38 MP: 4/18
  6804 | D:5      | Noticed Grinder
  6811 | D:5      | Killed Grinder
  6812 | D:5      | Reached skill level 9 in Ranged Weapons
  6816 | D:5      | Reached skill level 10 in Ranged Weapons
  6966 | D:5      | Reached skill level 11 in Ranged Weapons
  7573 | D:6      | Reached ** piety under Hepliaklqana
  7610 | D:6      | Found an opulent altar of Gozag.
  7804 | D:6      | Reached skill level 12 in Ranged Weapons
  7904 | D:6      | Found a runed translucent door.
  7905 | D:6      | Noticed Crazy Yiuf
  8175 | D:6      | Reached XP level 9. HP: 28/42 MP: 20/20
  8296 | D:6      | Found a white marble altar of Elyvilon.
  8587 | D:6      | Reached skill level 13 in Ranged Weapons
  8602 | D:6      | Found an ancient bone altar of Kikubaaqudgha.
  8732 | D:6      | Killed Crazy Yiuf
  8825 | D:7      | Noticed a troll
  8829 | D:7      | Killed a troll
  8830 | D:7      | Reached skill level 14 in Ranged Weapons
  9119 | D:7      | Found a staircase to the Ecumenical Temple.
  9119 | D:7      | Noticed Joseph
  9145 | D:6      | HP: 2/63 [cloud of flame (2)]
  9145 | D:6      | Succumbed to a water moccasin's poison

Illustrated notes

Levels and vault maps discovered:
D:1:      mrwooster_arrival_statue_3, layout_loops_corners, st_stairs_6
D:2:      minmay_chambers_of_ones, layout_basic, lemuel_flame_loot_1
D:3:      layout_basic, lemuel_round_altar, mainiacjoe_overflow_surrounded_room,
          ebering_ecumenical_altar_sacrificial, uniq_ijyb, uniq_robin,
          uniq_terence
D:4:      layout_loops_cross, mainiacjoe_overflow_chevrons,
          general_overflow_altar, minmay_misc_feat_more_columns, minmay_vboxes
D:5:      minmay_evil_eye, layout_basic, kennysheep_generic_room_14,
          uniq_grinder, uniq_blork_the_orc
D:6:      layout_loops_corners, elyvilon_altar_5,
          lemuel_mausoleum_altar_kikubaaqudgha, grunt_gozag_statues,
          uniq_crazy_yiuf_cottage
D:7:      layout_rooms, jmf_multi_god_temple2, temple_green,
          uniq_prince_ribbit1, uniq_joseph

Skill      XL: |  1  2  3  4  5  6  7  8  9 |
---------------+----------------------------+-----
Ranged Weapons | 3 4 5 6 8 12 14 | 14.6
Fighting       | 1 |  1.0
Spellcasting   | 2 3 4 5 6 |  6.0
Dodging        | 3 4 |  4.4
Hexes          | 5 6 |  6.0
Evocations     | 1 2 |  2.0
Invocations    | 1 2 |  2.0

Action                     |  1- 3 |  4- 6 |  7- 9 || total
---------------------------+-------+-------+-------++-------
  Melee: Sling             |       |     4 |       ||     4
   Fire: Sling             |   135 |   192 |    82 ||   409
         Shortbow          |       |       |   124 ||   124
   Cast: Slow              |    55 |   109 |    93 ||   257
         Inner Flame       |       |    32 |    28 ||    60
 Invoke: Ancestor Identity |       |       |     1 ||     1
    Use: Potion            |       |     2 |     1 ||     3
         Scroll            |       |       |     2 ||     2
 Armour: Robe              |     6 |       |       ||     6
         Leather armour    |     6 |    26 |     7 ||    39
         Skin              |       |       |     1 ||     1
  Dodge: Dodged            |    43 |    80 |    24 ||   147
  Block: Other             |       |       |     8 ||     8
